Unix NetHack Version 5.0.0-0 post-release - last build May 17 2026 04:57:42 (dc50c8380fa5e20985bfe3072449f57b8d9895ef,branch:main).

Game began 2026-05-20 21:17:06, ended 2026-05-20 21:23:22.

DaveT, lawful male human Priest

   --------
   |......|               --------
   |...>...#####          |......|
   |......|    ###        |.......###
   |......|    # #        ----|---  ##    ------------
   |......|      #            #      #####..<.........#
   ---|----      ##                   ##  |..........|#
      #           ###   #####         ####.*.........|##
      #             #@##################  ------------ #
      #             @ -----------                     ########
     ##             #|...........                      #  ---.-------
     #              #...........|                      ## +......(..|
  ---.-             #|..........|                     `#  |.........|
  |...|             # ..........|                      #  |.........|
  |..^|             #  !........|                      #  |.........|
  |....##############  ----------                      ###..........|
  |...|                                                   -----------
  -----

DaveT the Acolyte            St:14 Dx:10 Co:16 In:10 Wi:18 Ch:8  Lawful
Dlvl:4  $:57 HP:0(28) Pw:53(53) AC:0  Xp:4 T:1325  Burdened

Latest messages:
 The monkey bites!
 You kill the monkey!
 You see here a green gem.
 You have a little trouble lifting r - a green gem.
 You see a gas cloud dissipate.
 There is an altar to Susanowo (chaotic) here.
 You climb up the stairs.
 You miss the homunculus.
 The homunculus bites!
 You are put to sleep by the homunculus!
 You wake up.
 You miss the homunculus.
 The homunculus misses!
 You miss the homunculus.
 The homunculus just misses!
 The homunculus misses!
 You miss the homunculus.
 The homunculus bites!
 You avoid harm.
 You hit the homunculus!
 Your hands no longer glow so brightly red.
 The homunculus appears confused.
 The homunculus bites!
 You miss the homunculus.
 The homunculus bites!
 You kill the homunculus!
 Welcome to experience level 4.
 The werejackal swings his morning star.
 The werejackal misses!
 You hit the werejackal!
 Your hands stop glowing red.
 The werejackal appears confused.
 You miss the werejackal.
 The werejackal swings his morning star.
 The werejackal hits!
 You miss the werejackal.
 The werejackal swings his morning star.
 The werejackal hits!
 You miss the werejackal.
 You miss the werejackal.
 You hit the werejackal!
 The werejackal swings his morning star.
 The werejackal hits!
 You hit the werejackal!
 You miss the werejackal.
 The werejackal swings his morning star.
 The werejackal hits!
 You die...
 Do you want your possessions identified? [ynq] (y) y
 Do you want to see your attributes? [ynq] (y) q

Inventory:
 Coins    ('$')
  $ - 57 gold pieces
 Amulets  ('"')
  o - an amulet of ESP (being worn)
 Weapons  (')')
  w - 7 cursed +0 silver arrows
  a - a blessed +2 mace (weapon in right hand)
 Armor    ('[')
  z - a +0 pair of fumble boots
  c - a +0 small shield (being worn)
  j - a +0 oilskin cloak
  l - a +0 orcish cloak
  b - a +1 robe (being worn)
  F - a +0 splint mail (being worn)
 Comestibles  ('%')
  v - a slime mold
  E - 2 apples
  e - a clove of garlic
  t - a food ration
  x - a lembas wafer
  f - 2 sprigs of wolfsbane
  i - a lichen corpse
 Spellbooks  ('+')
  q - a spellbook of detect food
  B - a spellbook of jumping
  g - a spellbook of light
  h - a spellbook of protection
 Potions  ('!')
  d - 4 potions of holy water
 Rings    ('=')
  D - a ring of protection from shape changers (on left hand)
 Wands    ('/')
  m - a wand of digging (0:3)
 Gems/Stones  ('*')
  u - an amber stone
  r - a jade stone
  s - a worthless piece of violet glass

DaveT the Priest's attributes:

Background:
 You were an Acolyte, a level 4 human Priest.
 You were lawful, nominally on a mission for Amaterasu Omikami
 who was opposed by Raijin (neutral) and Susanowo (chaotic).
 You were right-handed.
 You were in the Dungeons of Doom, on level 4.
 You entered the dungeon 1325 turns ago.
 You had 88 experience points, 72 more were needed to attain level 5.

Basics:
 You had 0 out of 28 hit points.
 You had all 53 energy points (spell power).
 Your armor class was 0.
 Your wallet contained 57 zorkmids.
 Autopickup was off.

Final Characteristics:
 Your strength was 14 (limit:18/100).
 Your dexterity was 10 (limit:18).
 Your constitution was 16 (limit:18).
 Your intelligence was 10 (limit:18).
 Your wisdom was 18 (limit:18).
 Your charisma was 8 (limit:18).

Final Status:
 You weren't hungry.
 You were burdened; movement was slightly slowed.
 You were wielding a mace.
 You had basic skill with mace.

Final Attributes:
 You were devoutly aligned.
 You were telepathic.
 You were guarded.
 Your spell casting was impaired by metallic armor, mitigated by your robe.
 You were protected from shape changers.
 You are dead.

Miscellaneous:
 You didn't encounter any bones levels.
 Total elapsed playing time was 6 minutes and 16 seconds.

Major events:
 Turn
    1: DaveT the lawful human Priest entered the dungeon
  427: entered the Gnomish Mines
  770: attained the rank of Acolyte (level 3)
 1325: killed by a werejackal

Spells:
 Name                 Level Category     Fail Retention
 light                  1   clerical      31%  91%-100%
 protection             1   clerical      31%  91%-100%
 detect food            2   divination    85%  76%-100%
 jumping                1   escape        31%  76%-100%

Skills:
 Fighting Skills
   bare handed combat [Unskilled]
 Weapon Skills
   club               [Unskilled]
   mace               [Basic]
   morning star       [Unskilled]
   flail              [Unskilled]
   hammer             [Unskilled]
   quarterstaff       [Unskilled]
   polearms           [Unskilled]
   spear              [Unskilled]
   trident            [Unskilled]
   lance              [Unskilled]
   bow                [Unskilled]
   sling              [Unskilled]
   crossbow           [Unskilled]
   dart               [Unskilled]
   shuriken           [Unskilled]
   boomerang          [Unskilled]
   unicorn horn       [Unskilled]
 Spellcasting Skills
   healing spells     [Unskilled]
   divination spells  [Unskilled]
   clerical spells    [Basic]

Voluntary challenges:
 Character rerolling was not enabled.
 You were an atheist.
 You never genocided any monsters.
 You never polymorphed an object.
 You never changed form.
 You used no wishes.
Achievements:
 You entered the Gnomish Mines.
 You entered a shop.
 You attained the rank of Acolyte.

 The Dungeons of Doom: levels 1 to 5
    Level 1:
       Many altars, a fountain.
    Level 2:
       A wand shop.
       Stairs down to The Gnomish Mines.
    Level 3:
    Level 4: <- You were here.
       Final resting place for
          you, killed by a werejackal.
    Level 5:
       An altar.
 The Gnomish Mines:
    Level 3:


Vanquished creatures:
  a fog cloud
  a homunculus
  a monkey
 an iguana
  3 jackals
  a kobold
  a goblin
  2 sewer rats
  2 grid bugs
  a bat
  5 lichens
  3 kobold zombies
  3 newts
25 creatures vanquished.

No species were genocided or became extinct.

Game over:
                       ----------
                      /          \
                     /    REST    \
                    /      IN      \
                   /     PEACE      \
                  /                  \
                  |      DaveT       |
                  |      57 Au       |
                  |   killed by a    |
                  |    werejackal    |
                  |                  |
                  |                  |
                  |       2026       |
                 *|     *  *  *      | *
        _________)/\\_//(\/(/\)/\//\/|_)_______

Goodbye DaveT the Priest...

You died in The Dungeons of Doom on dungeon level 4 with 634 points,
and 57 pieces of gold, after 1325 moves.
You were level 4 with a maximum of 28 hit points when you died.

